 Dungeon Crawl Stone Soup version 0.15.2 (webtiles) character file.

115 mopl the Insei (level 4, -4/35 HPs)
             Began as a Draconian Transmuter on Mar 10, 2019.
             Killed from afar by an orc wizard (7 damage)
             ... with a magic dart
             ... on Level 3 of the Dungeon.
             The game lasted 00:06:29 (2633 turns).

mopl the Insei (Draconian Transmuter)               Turns: 2633, Time: 00:06:29

HP  -4/35        AC  8     Str 12      XL: 4   Next: 68%
MP   1/8         EV 12     Int 14      God:
Gold 128         SH  0     Dex 12      Spells:  3 memorised,  2 levels left

rFire  . . .     SeeInvis .     b - 22 arrows
rCold  . . .     Clarity  .     (armour unavailable)
rNeg   . . .     rCorr    .     (no shield)
rPois  .         rRot     .     (helmet restricted)
rElec  .         Spirit   .     v - +0 cloak
SustAb .         Warding  .     w - +0 pair of gloves
rMut   .         Stasis   .     p - +0 pair of boots
Gourm  .                        t - amulet of faith
MR     .....                    (no ring)
                                (no ring)

@: very slightly contaminated, slowed, very slow, not resistant to hostile
enchantments, very unstealthy
A: unfitting armour, cold-blooded, AC +5
a: no special abilities


You were on level 3 of the Dungeon.
You were hungry.

You visited 1 branch of the dungeon, and saw 3 of its levels.

You collected 128 gold pieces.

Inventory:

Missiles
 b - 22 arrows (in hand)
 q - 16 poisoned needles
 y - 4 tomahawks (quivered)
Armour
 p - a +0 pair of boots (worn)
 v - a +0 cloak (worn)
 w - a +0 pair of gloves (worn)
Magical devices
 r - a wand of confusion (0)
Comestibles
 a - 4 bread rations
 h - 3 meat rations
 A - 2 rotting chunks of orc flesh
 B - a rotting chunk of giant cockroach flesh
Scrolls
 c - 5 scrolls of identify {unknown}
 e - 2 scrolls of fog {unknown}
 i - a scroll of amnesia {unknown}
 j - 2 scrolls of recharging {unknown}
 k - a scroll of teleportation {unknown}
 m - a scroll of remove curse {unknown}
 x - 3 scrolls of random uselessness {unknown}
 C - a scroll of immolation {unknown}
Jewellery
 t - an amulet of faith (around neck)
Potions
 f - 2 potions of curing {unknown}
 g - a potion of haste {unknown}
 l - a potion of might {unknown}
 n - a potion of beneficial mutation {unknown}
 o - a potion of confusion {unknown}
 s - a potion of restore abilities {unknown}
 u - a potion of porridge
 z - a potion of degeneration {unknown}
Books
 d - a book of Changes

   Spells                             Type                      Level
   *Beastly Appendage                 Transmutation                1
   *Sticks to Snakes                  Transmutation                2
   *Spider Form                       Transmutation/Poison         3
   Ice Form                           Ice/Transmutation            4
   Blade Hands                        Transmutation                5


   Skills:
 - Level 1.1 Fighting
 - Level 1.7 Dodging
 * Level 4.3 Unarmed Combat
 + Level 2.5 Spellcasting
 + Level 3.0 Transmutations
 + Level 1.1 Poison Magic


You had 2 spell levels left.
You knew the following spells:

 Your Spells              Type           Power        Failure   Level  Hunger
a - Beastly Appendage     Trmt           ##....       10%         1    #......
b - Spider Form           Trmt/Pois      #.........   30%         3    ####...
w - Sticks to Snakes      Trmt           ##........   12%         2    ##.....


Dungeon Overview and Level Annotations

Branches:
Dungeon (3/15)

Altars:


Innate Abilities, Weirdness & Mutations

Your plain brown scales are hard (AC +5).
Your body does not fit into most forms of armour.
Your cold-blooded metabolism reacts poorly to cold.


Message History

Unknown command.
Casting: Sticks to Snakes
Confirm with . or Enter, or press ? or * to list all spells.
You create a snake!
The orc hits you but does no damage.
Your ball python bites the orc.
Your ball python barely misses the orc.
Unknown command.
Your ball python bites the orc.
Your ball python grabs the orc.
Your ball python constricts the orc.
The orc struggles to escape constriction.
The orc wizard gestures at you while chanting.
You feel as though you will be slow longer.
Your ball python bites the orc.
The orc dies!
Your ball python bites the orc but does no damage.
Your ball python grabs the orc.
Your ball python constricts the orc.
Your ball python bites the orc but does no damage.
The orc struggles to escape constriction.
The orc wizard points at you and mumbles some strange words.
The magic dart hits you!
You die...

.... ..........
.#..............
#.................###
###.....................
#....#..................
##..#.#................#
##...8.#...............####.
.oP..........@<.............
o..P.......o..................
#...P.....SS........)....#
#.####..#)).............##
#...##..o............#
#..#..................#
...##...........)#.#.#>#
.###..........#..).#...#
#.............<....##


You could see an orc wizard, an orc and 2 friendly ball pythons.

Vanquished Creatures
  4 adders (D:2)
  2 worms (D:2)
  An ooze (D:2)
  2 orcs
  8 giant cockroaches
  7 hobgoblins
  2 jackals (D:2)
  8 kobolds
  2 quokkas (D:2)
  8 bats
  2 giant newts (D:2)
  6 goblins
  A goblin zombie (D:3)
  A hobgoblin skeleton (D:3)
  7 rats
61 creatures vanquished.

Vanquished Creatures (collateral kills)
  2 orcs (D:3)
2 creatures vanquished.

Grand Total: 63 creatures vanquished

Notes
Turn   | Place    | Note
--------------------------------------------------------------
     0 | D:1      | mopl, the Draconian Transmuter, began the quest for the Orb.
     0 | D:1      | Reached XP level 1. HP: 16/16 MP: 3/3
   331 | D:1      | Reached XP level 2. HP: 20/23 MP: 4/4
   335 | D:1      | Learned a level 2 spell: Sticks to Snakes
   956 | D:2      | Reached XP level 3. HP: 23/28 MP: 4/6
  1042 | D:2      | Reached skill level 4 in Unarmed Combat
  1304 | D:2      | Learned a level 3 spell: Spider Form
  1523 | D:2      | Reached XP level 4. HP: 27/35 MP: 3/7
  2622 | D:3      | Reached skill level 1 in Poison Magic
  2633 | D:3      | Killed from afar by an orc wizard

Action                   |  1- 3 |  4- 6 || total
-------------------------+-------+-------++-------
Melee: Unarmed           |   154 |   110 ||   264
 Cast: Beastly Appendage |    14 |    11 ||    25
       Sticks to Snakes  |       |     3 ||     3
  Eat: Chunk             |     2 |     4 ||     6
